 Seeded DCSS version 0.29.1-15-g9cfb28693d (webtiles) character file.

Game seed: 1 (custom seed)

1637 Kazon the Ducker (level 8, -7/69 (70) HPs)
             Began as a White Draconian Fighter on Apr 18, 2023.
             Killed by divine providence
             ... invoked by an orc priest
              (13 damage)
             ... on level 6 of the Dungeon.
             The game lasted 00:17:09 (4043 turns).

Kazon the Ducker (White Draconian Fighter)          Turns: 4043, Time: 00:17:11

HP:   -7/69 (70)    AC: 12    Str: 22    XL:     8   Next: 66%
MP:   8/8           EV: 13    Int: 11    God:
Gold: 380           SH:  0    Dex: 10    Spells: 7/7 levels left

rFire   . . .      SeeInvis .   e - +2 dagger (venom)
rCold   + + +      Faith    .   k - +0 buckler
rNeg    + . .      Spirit   .   (body armour unavailable)
rPois   .          Reflect  .   (helmet restricted)
rElec   .          Harm     .   (no cloak)
rCorr   .          Rampage  +   o - +2 pair of gloves of Generosity {Rampage rC+ Str+3 Stlth+}
Will    .....                   l - +2 pair of boots
Stlth   ++........              f - amulet of the acrobat
HPRegen 0.21/turn               r - ring of positive energy
MPRegen 0.11/turn               A - ring of protection from cold

@: confused, short of breath, ambrosia-drunk, flying (expiring), lightly drained
A: breathe frost, AC +6, unfitting armour, cold resistance 1, cold-blooded
a: Breathe Frost


You were on level 6 of the Dungeon.
You visited 1 branch of the dungeon, and saw 6 of its levels.

You collected 380 gold pieces.

Inventory:

Hand Weapons
 e - a +2 dagger of venom (weapon)
 w - a +1 long sword of protection
Missiles
 j - 23 stones (quivered)
 n - 5 boomerangs
 q - a throwing net
 C - 2 curare-tipped darts
Armour
 k - a +0 buckler (worn)
 l - a +2 pair of boots (worn)
 o - the +2 pair of gloves of Generosity (worn) {Rampage rC+ Str+3 Stlth+}
   (You acquired it on level 1 of the Dungeon)

   Str:       It affects your strength (+3).
   rC:        It protects you from cold.
   Rampage:   It bestows one free step when moving towards enemies.
   Stlth:     It makes you more stealthy.
Jewellery
 f - an amulet of the acrobat (around neck)
 r - a ring of positive energy (left hand)
 A - a ring of protection from cold (right hand)
Wands
 y - a wand of mindburst (20)
 z - a wand of flame (8)
Scrolls
 i - 7 scrolls of identify
 m - 2 scrolls of immolation {unknown}
 p - a scroll of poison {unknown}
 s - a scroll of teleportation {unknown}
 t - a scroll of magic mapping {unknown}
 v - 2 scrolls of noise {unknown}
 x - a scroll of fog {unknown}
 D - a scroll of enchant weapon {unknown}
Potions
 a - a potion of ambrosia
 b - a potion of berserk rage
 c - a potion of might
 d - 2 potions of haste {unknown}
 g - a potion of flight
 h - a potion of attraction {unknown}
 u - 3 potions of lignification {unknown}
 B - a potion of cancellation {unknown}
 E - a potion of magic {unknown}


   Skills:
 + Level 5.9 Fighting
 + Level 4.8(6.1) Short Blades
 + Level 5.5(6.4) Long Blades
 + Level 5.0 Throwing
 + Level 6.6 Dodging
 + Level 5.3 Stealth
 + Level 5.9 Shields
 * Level 2.1 Evocations


You had 7 spell levels left.
You didn't know any spells.
Your spell library contained the following spells:

 Spells                   Type           Power      Damage    Failure   Level
 Apportation              Tloc           0%         N/A       41%         1
 Necrotise                Necr           0%         1d4       41%         1
 Sting                    Tmut/Pois      0%         1d3       41%         1
 Summon Small Mammal      Summ           0%         N/A       41%         1
 Poisonous Vapours        Pois/Air       0%         N/A       56%         2
 Olgreb's Toxic Radiance  Pois           0%         N/A       99%         4
 Fireball                 Conj/Fire      0%         3d3       100%        5
 Iskenderun's Battlesphe  Conj           0%         2d6       100%        5
 Conjure Ball Lightning   Conj/Air       0%         3x3d6     100%        6
 Orb of Destruction       Conj           0%         9d5       100%        7


Dungeon Overview and Level Annotations

Branches:
Dungeon (6/15)
 Temple: D:4-7

Altars:
Hepliaklqana

Shops:
D:3 (


Innate Abilities, Weirdness & Mutations

You can breathe waves of freezing cold which knock back foes.
Your icy white scales are hard. (AC +6)
You cannot fit into any form of body armour.
Your flesh is cold resistant. (rC+)
You are cold-blooded and may be slowed by cold attacks.


Message History

You kill the orc!
You hit the orc priest but do no damage.
The orc hits you with a +0 war axe!
The orc priest invokes the aid of Beogh against you.
Beogh smites you!
* * * LOW HITPOINT WARNING * * *
You hit the orc.
The orc looks as sick as possible!
The orc is almost dead.
You kill the orc!
The orc priest calls upon Beogh to heal the orc priest.
The orc priest is healed somewhat.
You hit the orc priest.
The orc priest is poisoned.
The orc priest is lightly wounded.
You hit the orc priest but do no damage.
You tail-slap the orc priest, but do no damage.
The orc priest is lightly wounded.
The orc priest hits you but does no damage.
You closely miss the orc priest.
The orc priest is moderately wounded.
You are starting to lose your buoyancy.
The orc priest hits you but does no damage.
You block the orc priest's attack.
You hit the orc priest. You tail-slap the orc priest.
The orc priest is severely wounded.
The orc priest hits you with a +0 hand axe.
* * * LOW HITPOINT WARNING * * *
You hit the orc priest but do no damage.
The orc priest is poisoned.
The orc priest is severely wounded.
You block the orc priest's attack.
The orc priest calls down the wrath of Beogh upon you.
Beogh smites you!
* * * LOW HITPOINT WARNING * * *
It was a potion of ambrosia.
You are confused.
You feel invigorated.
The orc priest hits you but does no damage.
The orc priest invokes the aid of Beogh against you.
Beogh smites you!
You die...

#...## #.###
####'#### #.......#
##.......#
#........#
###.#####.#
######.........#
#o@..#.......#.#
#...o##.........#.#
#.... ###.......#.#
#..... #.........#
#...... ###########
..#.... # #....
#####


You could see 2 orc priests.

Vanquished Creatures
  Eustachio (D:5)
  Menkaure (D:5)
  A water moccasin (D:5)
  A sky beast (D:5)
  3 centaurs
  A necrophage (D:5)
  5 scorpions
  A howler monkey (D:5)
  A hound (D:4)
  An orc priest (D:3)
  3 iguanas
  Robin (D:3)
  6 gnolls
  9 adders
  An ufetubus (D:5)
  3 worms
  11 orcs
  11 endoplasms
  A giant cockroach (D:1)
  16 goblins
  9 hobgoblins
  A jackal (D:4)
  3 kobolds
  A quokka (D:1)
  5 ball pythons
  4 bats
  3 frilled lizards
  6 rats
110 creatures vanquished.

Notes
Turn   | Place    | Note
-------+----------+-------------------------------------------
     0 | D:1      | Kazon the Draconian Fighter began the quest for the Orb.
     0 | D:1      | Reached XP level 1. HP: 19/19 MP: 1/1
    40 | D:1      | Identified a scroll of acquirement
    40 | D:1      | Acquired the +2 pair of gloves of Generosity {Rampage rC+
                  | Str+3 Stlth+}
   238 | D:1      | Reached XP level 2. HP: 24/26 MP: 2/2
   738 | D:2      | Reached skill level 3 in Dodging
   893 | D:2      | Reached XP level 3. HP: 24/31 MP: 3/3
   923 | D:2      | Reached skill level 1 in Stealth
  1253 | D:2      | Reached XP level 4. HP: 19/38 MP: 4/4
  1709 | D:3      | Found Umat's Antique Weapon Boutique.
  1796 | D:3      | Reached XP level 5. HP: 45/46 MP: 5/5
  1802 | D:3      | Noticed Robin
  1828 | D:3      | Reached skill level 1 in Short Blades
  1837 | D:3      | Killed Robin
  1997 | D:3      | Reached skill level 5 in Fighting
  1997 | D:3      | Reached skill level 5 in Long Blades
  1997 | D:3      | Reached skill level 6 in Dodging
  1997 | D:3      | Reached skill level 5 in Shields
  1997 | D:3      | Reached XP level 6. HP: 57/57 MP: 6/6
  2599 | D:4      | Found a hazy altar of Hepliaklqana.
  2673 | D:4      | Your scales start taking on an icy white colour.
  2673 | D:4      | Reached XP level 7. HP: 62/62 MP: 7/7
  2673 | D:4      | Gained mutation: Your flesh is cold resistant. (rC+) [White
                  | Draconian growth]
  3077 | D:5      | Entered Level 5 of the Dungeon
  3108 | D:5      | Noticed Eustachio
  3124 | D:5      | Reached skill level 5 in Throwing
  3164 | D:4      | Reached skill level 5 in Stealth
  3164 | D:4      | Reached skill level 1 in Evocations
  3272 | D:5      | Killed Eustachio
  3310 | D:5      | Reached XP level 8. HP: 62/70 MP: 8/8
  3697 | D:5      | Noticed Menkaure
  3718 | D:5      | Killed Menkaure
  4042 | D:6      | HP: 2/69 [orc priest/divine providence (13)]
  4043 | D:6      | Killed from afar by an orc priest

Illustrated notes

Levels and vault maps discovered:
D:1:      dpeg_arrival_three_smaller_balls, layout_basic
D:2:      layout_loops_ring
D:3:      layout_basic, serial_shops, nicolae_shop_stone, st_stairs_9,
          minmay_misc_feat_doors, eino_curves_03, uniq_robin
D:4:      minmay_wonky_spiral, layout_basic,
          mainiacjoe_overflow_surrounded_room, minivault_5
D:5:      layout_cave_pods, uniq_menkaure, uniq_eustachio
D:6:      cheibrodos_barr_body, layout_basic, minmay_crystal_room,
          minmay_pentangle, uniq_maggie, uniq_edmund

Skill      XL: |  1  2  3  4  5  6  7  8 |
---------------+-------------------------+-----
Dodging        | 3 6 |  6.6
Stealth        | 1 2 4 5 |  5.3
Long Blades    | 3 5 |  5.5
Short Blades   | 4 |  4.8
Fighting       | 5 |  5.9
Throwing       | 4 5 |  5.0
Shields        | 5 |  5.9
Evocations     | 1 2 |  2.1

Action                   |  1- 3 |  4- 6 |  7- 9 || total
-------------------------+-------+-------+-------++-------
Melee: Long sword        |    91 |       |    50 ||   141
       Tailslap          |    15 |    14 |    19 ||    48
       Dagger            |    12 |   126 |    84 ||   222
Throw: Stone             |     9 |     9 |    12 ||    30
 Abil: Breathe Frost     |       |       |     8 ||     8
  Use: Scroll            |     1 |       |     1 ||     2
       Potion            |       |     1 |     3 ||     4
 Stab: Sleeping          |     6 |     7 |    10 ||    23
Armor: Skin              |    43 |    21 |    81 ||   145
Dodge: Dodged            |    57 |    66 |   137 ||   260
Block: Buckler           |    22 |    19 |    37 ||    78
